 Dungeon Crawl Stone Soup version 0.29.1-13-g9f3cf754e1 (webtiles) character file.

Game seed: 10964487970510027748

66 croobank the Conjurer (level 3, -3/26 HPs)
             Began as a Demonspawn Conjurer on Feb 5, 2023.
             Slain by Crazy Yiuf
             ... wielding a +2 quarterstaff of chaos
              (10 damage)
             ... on level 2 of the Dungeon.
             The game lasted 00:05:30 (2804 turns).

croobank the Conjurer (Demonspawn Conjurer)         Turns: 2804, Time: 00:05:30

Health: -3/26      AC:  4    Str:  7    XL:     3   Next: 96%
Magic:  0/6        EV: 12    Int: 21    God:
Gold:   134        SH:  0    Dex:  8    Spells: 3/6 levels left

rFire   . . .      SeeInvis +   x - +3 dagger of the Beast {drain, +Blink Dex-3 SInv}
rCold   . . .      Faith    .   (no shield)
rNeg    . . .      Spirit   .   a - +0 robe
rPois   .          Reflect  .   (no helmet)
rElec   .          Harm     .   m - +0 cloak
rCorr   .          Rampage  .   (no gloves)
Will    .....                   f - +0 pair of boots
Stlth   ++........              (no amulet)
HPRegen 0.08/turn               (no ring)
MPRegen 0.10/turn               (no ring)

@: lethally poisoned (-3 -> -6)
A: claws 1, powered by pain 1
a: Evoke Blink


You were on level 2 of the Dungeon.
You visited 1 branch of the dungeon, and saw 2 of its levels.

You collected 134 gold pieces.

Inventory:

Hand Weapons
 g - a +0 war axe
 o - a +0 spear
 w - a +0 sling
 x - the +3 dagger of the Beast (weapon) {drain, +Blink Dex-3 SInv}
   (You found it on level 2 of the Dungeon)

   A truly terrible weapon, it drains the life of any living foe it strikes.
   Dex:       It affects your dexterity (-3).
   SInv:      It lets you see invisible.
   +Blink:    It lets you blink.
Missiles
 i - 8 poisoned darts
 v - 8 boomerangs
Armour
 a - a +0 robe (worn)
 f - a +0 pair of boots (worn)
 m - a +0 cloak (worn)
Magical Staves
 p - a staff of cold
Jewellery
 u - a ring of protection from cold
Wands
 r - a wand of flame (11)
Scrolls
 c - 2 scrolls of identify {unknown}
 j - a scroll of poison {unknown}
 n - a scroll of vulnerability {unknown}
 s - 2 scrolls of teleportation {unknown}
Potions
 b - a potion of magic
 d - a potion of flight {unknown}
 e - a potion of berserk rage {unknown}
 h - 2 potions of heal wounds {unknown}
 k - a potion of ambrosia {unknown}
 l - a potion of curing {unknown}
 q - a potion of haste {unknown}
 t - a potion of invisibility {unknown}
 z - 2 potions of mutation {unknown}


   Skills:
 + Level 1.2 Fighting
 + Level 2.3 Dodging
 + Level 2.4 Stealth
 + Level 2.4 Spellcasting
 + Level 4.3 Conjurations


You had 3 spell levels left.
You knew the following spells:

 Your Spells              Type           Power      Damage    Failure   Level
a - Magic Dart            Conj           84%        1d7       2%          1
b - Searing Ray           Conj           42%        2d6       3%          2

Your spell library contained the following spells:

 Spells                   Type           Power      Damage    Failure   Level
 Dazzling Flash           Conj/Hex       22%        N/A       17%         3
 Call Imp                 Summ           2%         N/A       22%         2
 Mephitic Cloud           Conj/Pois/Air  8%         N/A       24%         3
 Fulminant Prism          Conj/Hex       5%         3d7       50%         4
 Iskenderun's Mystic Bla  Conj/Tloc      11%        2d4       50%         4


Dungeon Overview and Level Annotations

Branches:
Dungeon (2/15)

Altars:
Trog

Annotations:
D:2 Crazy Yiuf


Innate Abilities, Weirdness & Mutations

You have sharp fingernails.
You sometimes gain a little power by taking damage.


Message History

The fungus is lightly damaged.
A nearby fungus withers and dies.
Found a hammer.
Found a runed translucent door.
Crazy Yiuf shouts!
Crazy Yiuf screams, "Castle tortoise Hive!"
What are your orders? t - Shout!
Orders for allies: a - Attack new target. r - Retreat! s - Stop attacking. g - Guard the area. f - Follow me.
Anything else - Cancel.
Gang up on whom?
Press: ? - help, Dir - move target, f - Crazy Yiuf
Aim: Crazy Yiuf, wielding a +2 quarterstaff of chaos and wearing a +2 cloak (fire blocked by a runed translucent door)
Okay, then.
You open the door.
Casting: Magic Dart (safe; 2% risk of failure)
Confirm with . or Enter, or press ? or * to list all spells.
Aiming: Searing Ray (safe; 3% risk of failure)
Press: ? - help, Shift-Dir - straight line, f - Crazy Yiuf
Aim: Crazy Yiuf, wielding a +2 quarterstaff of chaos and wearing a +2 cloak (81% to hit)
The searing ray hits Crazy Yiuf!
Crazy Yiuf is moderately wounded. (Press . to maintain the ray.) Crazy Yiuf hits you with a +2 quarterstaff of chaos.
You convulse.
The searing ray hits Crazy Yiuf.
Crazy Yiuf is severely wounded.
Crazy Yiuf hits you but does no damage.
You are poisoned.
The searing ray hits Crazy Yiuf.
Crazy Yiuf is almost dead.
You feel sick.
Crazy Yiuf hits you with a +2 quarterstaff of chaos.
You feel your power leaking away.
Without enough magic to sustain it, your searing ray dissipates.
You feel sick.
Crazy Yiuf whimpers, "Hack pizzabubble senile!"
Crazy Yiuf hits you with a +2 quarterstaff of chaos!
You die...

....#.....................#....##
....#......###########....##...##
....#......# #....##....#
....#......# ##### #....###....
....#......# #..)# #....# ##...
...........# #...# #....# ##..
....#......# ... #....# ###
....###....# #g# #....#######
....# #....# ♣♣@♣ ##........##
....####...# ♣.♣♣ #.#......#.
.......#...# ♣♣.♣ ##.#...##...
.......#...# ♣.♣♣ #...........
..#....#...# ♣♣.♣♣ #...........
..#....#...# ♣.PP♣♣ #...........
'#.....#...# ♣.♣PP♣ #........#..
.......#...# #'..+# #........##.
.....#.....###....####........###


You could see Crazy Yiuf.

Vanquished Creatures
  2 adders (D:2)
  2 worms (D:2)
  2 dart slugs
  5 ball pythons
  3 bats
  4 endoplasms
  2 giant cockroaches (D:2)
  3 goblins
  3 hobgoblins
  3 kobolds (D:1)
  2 frilled lizards
  8 rats
39 creatures vanquished.

Vanquished Creatures (others)
  A fungus (D:2)
1 creature vanquished.

Grand Total: 40 creatures vanquished

Notes
Turn   | Place    | Note
-------+----------+-------------------------------------------
     0 | D:1      | croobank the Demonspawn Conjurer began the quest for the
                  | Orb.
     0 | D:1      | Reached XP level 1. HP: 13/13 MP: 3/3
   577 | D:1      | Gained mutation: You have sharp fingernails. [demonic
                  | ancestry]
   577 | D:1      | Reached XP level 2. HP: 15/19 MP: 3/5
   647 | D:1      | Learned a level 2 spell: Searing Ray
  1295 | D:2      | Found a bloodstained altar of Trog.
  1370 | D:2      | Gained mutation: You sometimes gain a little power by
                  | taking damage. [demonic ancestry]
  1370 | D:2      | Reached XP level 3. HP: 17/25 MP: 1/6
  1374 | D:2      | Reached skill level 1 in Fighting
  1596 | D:2      | Found a faded altar of an unknown god.
  2198 | D:2      | Identified the +3 dagger of the Beast {drain, +Blink Dex-3
                  | SInv}
  2796 | D:2      | Found a runed translucent door.
  2797 | D:2      | Noticed Crazy Yiuf
  2804 | D:2      | Slain by Crazy Yiuf

Illustrated notes

Levels and vault maps discovered:
D:1:      onia_arrival_mini_spirals, layout_basic, kennysheep_minor_cross,
          chequers_jeans, minmay_split_cup_small
D:2:      layout_basic, hellmonk_ecumenical_altar_lost_god, basic_altar,
          lightli_corner_chamber, uniq_crazy_yiuf_cottage

Skill      XL: |  1  2  3 |
---------------+----------+-----
Stealth        | 2 |  2.4
Dodging        | 2 |  2.3
Fighting       | 1 |  1.2
Spellcasting   | |  2.4
Conjurations   | |  4.3

Action                   || total
-------------------------++-------
Melee: War axe           ||    27
       Punch             ||     1
       Dagger            ||     4
 Cast: Magic Dart        ||    37
       Searing Ray       ||    12
 Stab: Sleeping          ||     1
Armor: Robe              ||    13
Dodge: Dodged            ||    37
